 Dungeon Crawl Stone Soup version 0.31.0-12-g77e489cdc1 (webtiles) character file.

Game seed: 4898812471805277928

168 sking99 the Sneak (level 5, -4/40 HPs)
             Began as an Armataur Enchanter on Feb 24, 2024.
             Splashed by a jelly's acid (8 damage)
             ... on level 2 of the Dungeon.
             The game lasted 00:05:23 (1928 turns).

sking99 the Sneak (Armataur Enchanter)              Turns: 1928, Time: 00:05:25

Health: -4/40      AC: -4    Str: 14    XL:     5   Next: 23%
Magic:  2/8        EV:  9    Int: 17    God:
Gold:   193        SH:  0    Dex: 10    Spells: 3/8 levels left

rFire   . . .        a - +1 dagger
rCold   . . .        (no shield)
rNeg    . . .        b - +0 robe
rPois   .            (no helmet)
rElec   .            (no cloak)
rCorr   .            (no gloves)
SInv    .            (no barding)
Will    .....        (no amulet)
Stlth   ++           (no ring)
HPRegen 0.26/turn    (no ring)
MPRegen 0.11/turn

%: roll
@: corroded
A: large, deformed body, tough skin 3, armoured tail, roll 1
a: no special abilities


You were on level 2 of the Dungeon.
You visited 1 branch of the dungeon, and saw 2 of its levels.

You collected 193 gold pieces.

Inventory:

Hand Weapons
 a - a +1 dagger (weapon)
Armour
 b - a +0 robe (worn)
Jewellery
 j - a ring of wizardry
Scrolls
 e - 2 scrolls of identify {unknown}
 g - a scroll of teleportation {unknown}
 h - a scroll of vulnerability {unknown}
 k - a scroll of silence {unknown}
Potions
 c - 2 potions of invisibility
 d - a potion of curing {unknown}
 f - a potion of ambrosia {unknown}
 i - a potion of heal wounds {unknown}
 l - a potion of enlightenment {unknown}


   Skills:
 + Level 1.6 Fighting
 + Level 1.9 Short Blades
 - Level 1.3 Dodging
 + Level 4.3 Stealth
 - Level 2.0 Spellcasting
 * Level 3.7 Hexes
 + Level 1.1 Ice Magic


You had 3 spell levels left.
You knew the following spells:

 Your Spells              Type           Power      Damage    Failure   Level
a - Ensorcelled Hibernat  Hex/Ice        20%        N/A       11%         2
b - Confusing Touch       Hex            14%        N/A       13%         3

Your spell library contained the following spells:

 Spells                   Type           Power      Damage    Failure   Level
 Tukima's Dance           Hex            14%        N/A       13%         3
 Sandblast                Erth           2%         2d4       19%         1
 Dazzling Flash           Conj/Hex       16%        N/A       26%         3
 Passwall                 Erth           1%         N/A       50%         3
 Stone Arrow              Conj/Erth      2%         3d7       50%         3
 Brom's Barrelling Bould  Conj/Erth      1%         2d3       88%         4


Dungeon Overview and Level Annotations

Branches:
Dungeon (2/15)

Altars:
Ashenzari
Cheibriados
Fedhas
Hepliaklqana
Okawaru
Xom

Annotations:
D:2 1 runed translucent door, Crazy Yiuf


Innate Abilities, Weirdness & Mutations

Armour fits poorly on your strangely shaped body.
You have extremely tough skin. (AC +3)
You have a long armoured tail.
You regenerate magic when rolling toward enemies. (Rampage MPRegen)


Message History

Casting: Ensorcelled Hibernation (safe; 11% risk of failure)
Confirm with . or Enter, or press ? or * to list all spells.
Aiming: Ensorcelled Hibernation (safe; 11% risk of failure)
Press: ? - help, Shift-Dir - straight line, f/p - endoplasm
Aim: an endoplasm (chance to affect: 61%)
The endoplasm resists with significant effort.
The endoplasm closely misses you.
Casting: Ensorcelled Hibernation (safe; 11% risk of failure)
Confirm with . or Enter, or press ? or * to list all spells.
You don't have enough magic to cast this spell.
Unknown command.
You hit the endoplasm.
The endoplasm is moderately wounded.
The endoplasm freezes you.
You are frozen.
You hit the endoplasm.
The endoplasm is severely wounded.
You hit the endoplasm.
You kill the endoplasm!
Casting: Ensorcelled Hibernation (safe; 11% risk of failure)
Confirm with . or Enter, or press ? or * to list all spells.
You don't have enough magic to cast this spell.
Unknown command.
You hit the jelly.
Your hands burn!
The jelly is lightly wounded.
The jelly hits you but does no damage.
You hit the jelly. The acid corrodes you!
Your hands burn!
The jelly is heavily wounded.
The jelly closely misses you.
You hit the jelly.
Your hands burn!
The jelly is heavily wounded.
The jelly hits you. The acid corrodes you!
You are splashed with acid!
* * * LOW HITPOINT WARNING * * *
You hit the jelly.
Your hands burn!
* * * LOW HITPOINT WARNING * * *
The jelly is severely wounded.
The jelly hits you.
* * * LOW HITPOINT WARNING * * *
You are splashed with acid!
You die...

....# #..##.##.# #.# #.......
#.#####..##.##.# #.# #.......
.#.......##..### ### ####...#
#.###..################## #...#
#)###.#########.##....J$# #...#
#.[...###....#.#.#..÷.÷.# ##.##
#.###.##.....#.#.#......# #.#
#.....'....).#'#.#.__÷÷_# #.#
#.##..'..))....#@#J...÷.# #.#
#.###.'....)...#J#_._._P######.#
#.....##..(....#.#J.....##....|#
#.....###......##'÷÷.P.P########
......# ##########÷J÷...#
#.....### ######## ##...##.#
##.###.####.# #...........#


You could see a jelly.

Vanquished Creatures
  A jelly (D:2)
  An orc priest (D:2)
  4 adders (D:2)
  2 ribbon worms (D:2)
  4 orcs
  9 endoplasms
  2 giant cockroaches (D:2)
  10 goblins
  A hobgoblin (D:1)
  6 jackals
  6 kobolds (D:2)
  A quokka (D:1)
  3 ball pythons
  5 bats
  2 frilled lizards (D:2)
  2 rats (D:1)
59 creatures vanquished.

Notes
Turn   | Place    | Note
-------+----------+-------------------------------------------
     0 | D:1      | sking99 the Armataur Enchanter began the quest for the Orb.
     0 | D:1      | Reached XP level 1. HP: 14/14 MP: 3/3
    51 | D:1      | Reached skill level 1 in Short Blades
   177 | D:1      | Reached XP level 2. HP: 20/20 MP: 4/4
   648 | D:1      | Reached XP level 3. HP: 27/27 MP: 6/6
   651 | D:1      | Learned a level 2 spell: Ensorcelled Hibernation
   655 | D:1      | Learned a level 3 spell: Confusing Touch
   971 | D:2      | Reached skill level 1 in Fighting
   971 | D:2      | Reached skill level 4 in Stealth
  1096 | D:2      | Reached XP level 4. HP: 13/35 MP: 2/7
  1271 | D:2      | Identified the +0 leather armour of the Heavens {Regen+
                  | Str+2 Slay-4}
  1697 | D:2      | Found a runed translucent door.
  1698 | D:2      | Noticed Crazy Yiuf
  1894 | D:2      | Found an iron altar of Okawaru.
  1894 | D:2      | Found a shimmering altar of Xom.
  1894 | D:2      | Found a broken altar of Ashenzari.
  1894 | D:2      | Found a snail-covered altar of Cheibriados.
  1894 | D:2      | Found a hazy altar of Hepliaklqana.
  1894 | D:2      | Found a blossoming altar of Fedhas.
  1914 | D:2      | Reached skill level 1 in Ice Magic
  1918 | D:2      | Reached XP level 5. HP: 30/40 MP: 4/8
  1928 | D:2      | Splashed by a jelly's acid

Illustrated notes

Levels and vault maps discovered:
D:1:      minmay_arrival_stair_chambers, layout_loops_ring
D:2:      cheibrodos_fertilizer, layout_loops_ring, minmay_bisected,
          uniq_crazy_yiuf_cottage

Skill      XL: |  1  2  3  4 |
---------------+-------------+-----
Short Blades   | 1 |  1.9
Spellcasting   | 2 |  2.0
Hexes          | 3 |  3.7
Fighting       | 1 |  1.6
Stealth        | 4 |  4.3
Ice Magic      | 1 |  1.1
Dodging        | |  1.3

Action                     |  1- 3 |  4- 6 || total
---------------------------+-------+-------++-------
  Melee: Dagger            |   104 |    35 ||   139
         Tailslap          |    11 |     1 ||    12
         Punch             |     1 |       ||     1
   Cast: Ensorcelled Hiber |    12 |    29 ||    41
   Stab: Sleeping          |    16 |    20 ||    36
 Armour: Robe              |    68 |    24 ||    92
  Dodge: Dodged            |    40 |    16 ||    56
